 Dungeon Crawl Stone Soup version 0.25-a0-589-g1e14c549ee (webtiles) character file.

Game seed: 11934977241127657354, levelgen mode: deterministic

180123 Amnesiac the Hill Orc Catastrophe (level 18, 0/147 HPs)
             Began as a Hill Orc Monk on Mar 13, 2020.
             Was an Elder of Qazlal.
             Collided with a stone wall (21 damage)
             ... caused by a nagaraja
             ... on level 4 of the Snake Pit.
             The game lasted 00:57:29 (29129 turns).

Amnesiac the Hill Orc Catastrophe (Hill Orc Monk)  Turns: 29129, Time: 00:57:30

Health: 0/147      AC: 25    Str: 32    XL:     18   Next: 26%
Magic:  34/34      EV: 11    Int:  9    God:    Qazlal [****..]
Gold:   257        SH: 23    Dex: 14    Spells: 17/17 levels left

rFire    + . .     SeeInvis +   v - +5 broad axe
rCold    + . .     Gourm    .   g - +3 kite shield of the Serpent {Regen+}
rNeg     + + .     Faith    +   K - +0 plate armour
rPois    +         Spirit   .   w - +3 crown of Dyrovepreva {rElec Int+2 SInv}
rElec    +         Reflect  .   d - +2 cloak {rPois}
rCorr    .         Harm     .   L - +1 pair of gloves {Str+3}
MR       +....                  (no boots)
Stlth    ..........             r - amulet of faith
HPRegen  0.74/turn              C - ring of Vehumet's Castigation {rF+ Str+4 Dex+5}
MPRegen  0.24/turn              a - ring "Diebibb" {rC+ rN++ Str+3 Int-3 Dex-4 Slay+5}

@: lethally poisoned (0 -> -56), slowed, repel missiles, very slow
A: no striking features
a: Upheaval, Elemental Force, Renounce Religion


You were on level 4 of the Snake Pit.
You worshipped Qazlal.
Qazlal was greatly pleased with you.
You were hungry.

You visited 5 branches of the dungeon, and saw 28 of its levels.
You also visited: Ice Cave.

You collected 3267 gold pieces.
You spent 3010 gold pieces at shops.

Inventory:

Hand Weapons
 v - a +5 broad axe (weapon)
Armour
 d - a +2 cloak of poison resistance (worn)
 g - the +3 kite shield of the Serpent (worn) {Regen+}
   (You took it off Donald on level 3 of the Lair of Beasts)

   It increases your rate of regeneration.
 w - the +3 crown of Dyrovepreva (worn) {rElec Int+2 SInv}
   (You bought it in a shop on level 2 of the Orcish Mines)

   It affects your intelligence (+2).
   It insulates you from electricity.
   It lets you see invisible.
 K - a +0 plate armour (worn)
 L - a +1 pair of gloves of strength (worn)
Jewellery
 a - the ring "Diebibb" (right hand) {rC+ rN++ Str+3 Int-3 Dex-4 Slay+5}
   (You bought it in a shop on level 2 of the Orcish Mines)

   [ring of protection from cold]

   It affects your strength (+3).
   It affects your intelligence (-3).
   It affects your dexterity (-4).
   It affects your accuracy and damage with ranged weapons and melee attacks
   (+5).
   It protects you from cold.
   It greatly protects you from negative energy.
 o - a cursed ring of teleportation {unknown}
 r - an amulet of faith (around neck)
 C - the ring of Vehumet's Castigation (left hand) {rF+ Str+4 Dex+5}
   (You found it in an ice cave)

   [ring of protection from fire]

   It affects your strength (+4).
   It affects your dexterity (+5).
   It protects you from fire.
Wands
 x - a wand of digging (5)
Scrolls
 b - 2 scrolls of vulnerability {!r}
 f - 10 scrolls of teleportation {!r}
 i - a scroll of blinking {!r}
 k - a scroll of acquirement {!r, unknown}
 n - 9 scrolls of magic mapping {!r}
 p - 13 scrolls of remove curse {!r}
 s - 8 scrolls of identify {!r}
 u - 5 scrolls of fear {!r}
Potions
 e - 4 potions of ambrosia {!q}
 h - 9 potions of mutation {!q}
 j - 5 potions of invisibility {!q}
 l - 4 potions of heal wounds {!q}
 m - 2 potions of cancellation {!q}
 q - 2 potions of might {!q}
 t - a potion of berserk rage {!q}
 E - a potion of brilliance {!q}
 F - 5 potions of haste {!q}
 G - 2 potions of magic {!q}
 H - 5 potions of curing {!q}
 J - 3 potions of resistance {!q}
 R - 5 potions of flight {!q}
 S - 3 potions of lignification {!q}
Comestibles
 c - 25 rations


   Skills:
 - Level 10.0 Fighting
 - Level 18.0 Axes
 + Level 13.6 Armour
 - Level 5.0 Dodging
 - Level 1.5 Stealth
 + Level 13.6 Shields
 + Level 24.5 Invocations


You had 17 spell levels left.
You didn't know any spells.
Your spell library contained the following spells:

 Spells                   Type           Power        Failure   Level  Hunger
 Infusion                 Chrm           #...         95%         1    ##.....
 Magic Dart               Conj           #...         95%         1    ##.....
 Shock                    Conj/Air       #...         95%         1    ##.....
 Summon Butterflies       Summ           #.......     95%         1    ##.....
 Blink                    Tloc           N/A          98%         2    ###....
 Call Imp                 Summ           #.......     98%         2    ###....
 Searing Ray              Conj           #.....       98%         2    ###....
 Shroud of Golubria       Chrm/Tloc      #.....       98%         2    ###....
 Slow                     Hex            #.......     98%         2    ###....
 Song of Slaying          Chrm           #.......     98%         2    ###....
 Sublimation of Blood     Necr           #.........   98%         2    ###....
 Call Canine Familiar     Summ           #.......     100%        3    ####...
 Conjure Flame            Conj/Fire      #.......     100%        3    ####...
 Dazzling Flash           Conj/Hex       #.....       100%        3    ####...
 Ignite Poison            Fire/Tmut/Pois #.......     100%        3    ####...
 Mephitic Cloud           Conj/Pois/Air  #.......     100%        3    ####...
 Ozocubu's Armour         Chrm/Ice       #.......     100%        3    ####...
 Spectral Weapon          Hex/Chrm       #.......     100%        3    ####...
 Static Discharge         Conj/Air       #.......     100%        3    ####...
 Stone Arrow              Conj/Erth      #.....       100%        3    ####...
 Fulminant Prism          Conj/Hex       #.........   100%        4    #####..
 Iskenderun's Mystic Bla  Conj/Tloc      #.......     100%        4    #####..
 Petrify                  Tmut/Erth      #.......     100%        4    #####..
 Summon Ice Beast         Ice/Summ       #.......     100%        4    #####..
 Alistair's Intoxication  Tmut/Pois      #.......     100%        5    ######.
 Bolt of Magma            Conj/Fire/Erth #.........   100%        5    ######.
 Borgnjor's Vile Clutch   Necr/Erth      #.........   100%        5    ######.
 Excruciating Wounds      Chrm/Necr      #.........   100%        5    ######.
 Irradiate                Conj/Tmut      #.........   100%        5    ######.
 Lightning Bolt           Conj/Air       #.........   100%        5    ######.
 Summon Mana Viper        Hex/Summ       #.......     100%        5    ######.
 Conjure Ball Lightning   Conj/Air       #.........   100%        6    #######
 Eringya's Noxious Bog    Tmut/Pois      #.........   100%        6    #######
 Statue Form              Tmut/Erth      #........    100%        6    #######
 Summon Hydra             Summ           #.........   100%        7    #######
 Chain Lightning          Conj/Air       #.........   100%        8    #######
 Ignition                 Fire           #.........   100%        8    #######
 Lehudib's Crystal Spear  Conj/Erth      #.........   100%        8    #######
 Fire Storm               Conj/Fire      #.........   100%        9    #######
 Glaciate                 Conj/Ice       #.........   100%        9    #######
 Shatter                  Erth           #.........   100%        9    #######
 Tornado                  Air            #.........   100%        9    #######


Dungeon Overview and Level Annotations

Branches:
Dungeon (15/15)            Temple (1/1) D:7            Lair (6/6) D:9
 Shoals (0/4) Lair:3        Snake (4/4) Lair:3        Slime (0/5) Lair:5
    Orc (2/2) D:11            Elf (0/3) Orc:2        Vaults (0/5) D:13
 Depths (0/5) D:15          IceCv (visited)

Altars:
Cheibriados
Nemelex Xobeh
Okawaru
Qazlal
Ru
Sif Muna
Trog
Uskayaw
Wu Jian
Xom
Yredelemnul

Shops:
D:15 ?   Orc:1 (%*   Orc:2 =!?*[}[*[

Annotations:
D:6 exclusion: upstairs


Message History

The nagaraja hits you but does no damage.
The guardian serpent coils itself and waves its upper body at you.
The bolt of poison hits the naga.
The bolt of poison hits you. You resist.
* * * LOW HITPOINT WARNING * * *
The bolt of poison hits the naga warrior.
You block the nagaraja's attack. You block the naga's attack.
The naga warrior is struck by lightning.
The naga warrior hits you but does no damage.
The naga spits poison at you.
The splash of poison is repelled.
The splash of poison hits the naga.
The naga constricts you.
You hear an angry hiss.
You hit the naga.
The naga is heavily wounded.
You slice the nagaraja!! You slice the naga!! You hit the naga warrior.
You feel very sick. You block the nagaraja's attack.
The naga barely misses you.
* * * LOW HITPOINT WARNING * * *
The naga constricts you.
You slice the naga!!
You kill the naga!
Qazlal accepts your kill.
You closely miss the nagaraja. You slice the naga!!
You kill the naga!
Qazlal accepts your kill.
You slash the naga warrior!
You feel very sick. You block the nagaraja's attack. x2
The naga warrior hits you with a +0 mace.
* * * LOW HITPOINT WARNING * * *
The naga warrior grabs you.
* * * LOW HITPOINT WARNING * * *
The naga warrior constricts you. The nagaraja spits poison at you.
The splash of poison hits you but does no damage.
You are more poisoned.
You resist.
The guardian serpent hits you but does no damage.
You slice the naga warrior!!
You kill the naga warrior!
Qazlal accepts your kill.
You completely miss the nagaraja. You slice the guardian serpent!!
* * * LOW HITPOINT WARNING * * *
You feel extremely sick.
The nagaraja points at you and mumbles some strange words.
You block the lance of force.
The guardian serpent coils itself and waves its upper body at you.
The bolt of poison hits you but does no damage.
You are lethally poisoned!
You resist.
You slice the guardian serpent!!
You kill the guardian serpent!
Qazlal accepts your kill.
You hit the nagaraja but do no damage.
* * * LOW HITPOINT WARNING * * *
You feel very sick. The nagaraja casts a spell at you.
You resist with significant effort.
The nagaraja is struck by lightning.
The nagaraja gestures at you while chanting.
The lance of force hits you!!
* * * LOW HITPOINT WARNING * * *
You are knocked back by the lance of force.
You slam into the stone wall!
You die...

### ######.# .
.....).# .≈
######)# ##≈.≈
#(# ##≈≈≈.≈ #(#
##...≈≈.≈ #(##
##)N......
##(.### #).#
#.....# #@☼#
#.(...# #..##
##### #.._..#
##..## ##≈≈≈##
#.....# ##..####
##.≈≈≈.# #.....#
#.)##.###.......
#.....####
#....#........[.
##.###...#
##.....#........
###≈.###...#
##..#).).†..!..
#..§.≈##...#
###.##.....)).


You could see a nagaraja.

Vanquished Creatures
  Jorgrun (D:12)
  Rupert (D:14)
  Asterion (Snake:1)
  Donald (Lair:3)
  Roxanne (D:14)
  Agnes (Snake:3)
  6 nagarajas
  The ghost of Yorgos the Fighter, a journeyman GnAK of Lugonu (Lair:6)
  Louise (D:14)
  Nessos (D:14)
  A dire elephant (D:15)
  A fire dragon (Lair:6)
  An ettin (Orc:2)
  A yaktaur captain (D:9)
  2 ogre magi (D:15)
  2 ice dragons (IceCv)
  2 vault guards (D:13)
  7 hydras
  12 naga warriors
  Harold (Orc:1)
  4 centaur warriors
  15 anacondas
  A catoblepas (D:13)
  10 two-headed ogres
  The ghost of slayr the Thaumaturge, a journeyman DESu of Sif Muna (Lair:3)
  A tengu warrior (D:14)
  6 shock serpents
  12 naga sharpshooters
  4 orc high priests (Orc:2)
  5 death yaks (Lair:4)
  3 salamander mystics
  4 unseen horrors
  3 naga ritualists
  A wizard (D:13)
  10 sea snakes
  The ghost of Tenar the Thaumaturge, a novice DEEE of Gozag (D:8)
  A lindwurm (Lair:6)
  A wolf spider zombie (D:15)
  2 orc sorcerers
  A deep elf mage (D:9)
  17 mana vipers
  5 cyclopes
  13 ugly things
  2 oklob plants (Lair:5)
  7 salamanders
  5 manticores
  A merfolk siren (Lair:3)
  2 ice statues (IceCv)
  Maurice (D:8)
  2 centaur zombies
  35 black mambas
  6 guardian serpents (Snake:4)
  2 molten gargoyles (Lair:6)
  A gargoyle (D:13)
  12 naga magi
  9 spiny frogs
  2 freezing wraiths (D:15)
  7 komodo dragons
  3 kobold demonologists
  An efreet (D:9)
  A yaktaur (shapeshifter) (D:13)
  3 rime drakes
  7 trolls
  4 polar bears
  A jumping spider (shapeshifter) (D:15)
  A hornet (D:9)
  10 slime creatures
  Grinder (D:2)
  2 meliai zombies
  8 blink frogs
  12 hippogriffs
  A centaur simulacrum (D:14)
  6 wyverns
  A spriggan (D:7)
  A shadow (D:15)
  3 water elementals (D:13)
  2 wraiths (D:11)
  9 humans (D:13)
  4 basilisks
  50 yaks
  A vampire mosquito (D:13)
  A steam dragon (Lair:6)
  A hungry ghost (D:11)
  51 nagas
  An acid dragon (D:13)
  A soldier ant (D:12)
  15 water moccasins
  4 hell hounds (Lair:6)
  A sky beast (shapeshifter) (D:15)
  9 porcupines
  22 orc warriors
  3 sky beasts
  27 ice beasts
  2 phantoms
  2 black bears
  A necrophage (D:9)
  An eye of draining (D:11)
  15 ogres
  11 centaurs
  11 crocodiles
  7 big kobolds
  16 bullfrogs
  3 gnoll sergeants
  2 wyvern skeletons
  6 scorpions
  2 water moccasin skeletons
  5 killer bees (D:12)
  A troll zombie (D:11)
  9 wights
  3 electric eels
  4 howler monkeys
  8 lava snakes
  A bullfrog zombie (D:13)
  5 crimson imps
  3 quasits
  6 hounds
  2 jellies
  Crazy Yiuf (D:5)
  10 bullfrog skeletons
  2 centaur skeletons
  27 orc priests
  28 orc wizards
  A gnoll shaman (D:9)
  Jessica (D:3)
  4 iguanas
  16 worker ants
  5 ogre zombies (D:11)
  4 hound zombies
  A hound skeleton (D:7)
  A howler monkey zombie (D:5)
  2 worker ant zombies (D:9)
  A howler monkey skeleton (D:7)
  20 gnolls
  11 adders
  2 shadow imps
  An adder skeleton (D:7)
  An adder zombie (D:6)
  8 worms
  2 dart slugs (D:1)
  9 leopard geckos
  74 orcs
  3 bats (D:2)
  10 giant cockroaches
  6 goblins
  9 hobgoblins
  18 jackals
  6 quokkas
  6 frilled lizards
  2 goblin skeletons (D:11)
  2 goblin zombies (D:11)
  2 hobgoblin zombies (D:11)
  A jackal skeleton (D:5)
  16 kobolds
  A leopard gecko skeleton (D:9)
  3 orc skeletons (D:11)
  10 orc zombies (D:11)
  A quokka skeleton (D:5)
  A quokka zombie (D:5)
  16 rats
  A fungus (Lair:3)
  A plant (Snake:3)
1001 creatures vanquished.

Vanquished Creatures (others)
  A naga warrior (Snake:2)
  A human (D:13)
  A howler monkey (D:5)
  An orc (D:5)
  6 fungi
  8 plants
18 creatures vanquished.

Grand Total: 1019 creatures vanquished

Notes
Turn   | Place    | Note
-------+----------+-------------------------------------------
     0 | D:1      | Amnesiac the Hill Orc Monk began the quest for the Orb.
     0 | D:1      | Reached XP level 1. HP: 19/19 MP: 1/1
   236 | D:1      | Reached XP level 2. HP: 24/27 MP: 2/2
   374 | D:1      | Reached skill level 5 in Axes
   376 | D:1      | Reached XP level 3. HP: 22/33 MP: 3/3
  1287 | D:2      | Reached XP level 4. HP: 41/41 MP: 4/4
  1657 | D:2      | Reached XP level 5. HP: 46/47 MP: 5/5
  2130 | D:3      | Noticed Grinder
  2276 | D:3      | Noticed Jessica
  2285 | D:3      | Killed Jessica
  2285 | D:3      | Reached skill level 5 in Fighting
  2285 | D:3      | Reached skill level 1 in Armour
  2357 | D:3      | Found a shimmering blue altar of Sif Muna.
  2694 | D:3      | Found a bloodstained altar of Trog.
  2912 | D:4      | Noticed an ogre
  2942 | D:3      | Reached XP level 6. HP: 56/56 MP: 6/6
  3087 | D:4      | Reached XP level 7. HP: 6/62 MP: 7/7
  3105 | D:3      | HP: 3/62 [quokka (2)]
  3557 | D:4      | Found a basalt altar of Yredelemnul.
  3775 | D:4      | Got a polished war axe
  3958 | D:5      | Entered Level 5 of the Dungeon
  4112 | D:5      | Reached XP level 8. HP: 48/71 MP: 8/8
  4135 | D:5      | Identified the cursed +1 war axe "Giantslayer" {venom, rF-
                  | Str+6 Dex+6} (You found it on level 4 of the Dungeon)
  4398 | D:5      | Found a shimmering altar of Xom.
  4405 | D:5      | Reached skill level 10 in Axes
  4626 | D:5      | Found a runed translucent door.
  4627 | D:5      | Noticed Crazy Yiuf
  4636 | D:5      | Killed Crazy Yiuf
  4757 | D:6      | Found an ornate altar of the Wu Jian Council.
  4797 | D:6      | Reached skill level 5 in Armour
  5236 | D:6      | Got a twisted quarterstaff
  5480 | D:7      | Got a pitted flail
  5531 | D:7      | Identified the +9 flail "Reaheh" {freeze, MR+ Dex+2 Stlth+}
                  | (You found it on level 7 of the Dungeon)
  5532 | D:7      | Identified the cursed +2 quarterstaff of the Orange Skies
                  | {vamp, +Rage rN+ MP+9 Str-4} (You found it on level 6 of
                  | the Dungeon)
  5629 | D:7      | Found a staircase to the Ecumenical Temple.
  5637 | Temple   | Entered the Ecumenical Temple
  5656 | Temple   | Became a worshipper of Qazlal Stormbringer
  5656 | Temple   | Reached * piety under Qazlal
  5656 | Temple   | Reached ** piety under Qazlal
  5660 | Temple   | Reached XP level 9. HP: 56/80 MP: 9/9
  5959 | D:7      | Found a sparkling altar of Nemelex Xobeh.
  6372 | D:8      | Noticed Maurice
  6383 | D:8      | Reached *** piety under Qazlal
  6489 | D:8      | Killed Maurice
  6489 | D:8      | Reached XP level 10. HP: 87/91 MP: 10/10
  6550 | D:8      | Found a bloodstained altar of Trog.
  6786 | D:8      | Killed an unseen horror
  7087 | D:8      | Found a large runed translucent door.
  7087 | D:8      | Found a large runed translucent door.
  7122 | D:8      | Noticed Tenar's ghost (novice DEEE)
  7376 | D:8      | Killed Tenar's ghost
  7376 | D:8      | Reached skill level 10 in Fighting
  7426 | D:9      | Noticed a yaktaur captain
  7438 | D:9      | Killed a yaktaur captain
  7438 | D:9      | Reached skill level 3 in Invocations
  7524 | D:9      | Reached skill level 15 in Axes
  7538 | D:9      | Reached **** piety under Qazlal
  7541 | D:9      | Reached XP level 11. HP: 37/99 MP: 13/13
  7541 | D:9      | Reached skill level 4 in Invocations
  7828 | D:9      | Noticed a deep elf mage
  7870 | D:9      | Killed a deep elf mage
  7885 | D:9      | Reached skill level 5 in Invocations
  8006 | D:9      | Identified the Collected Works on Hurtful Augmentations
  8179 | D:9      | Found a snail-covered altar of Cheibriados.
  8188 | D:9      | Reached ***** piety under Qazlal
  8274 | D:9      | Reached skill level 6 in Invocations
  8361 | D:9      | Found a staircase to the Lair.
  8731 | D:9      | Got a fine shortbow
  8866 | D:9      | Identified the +9 shortbow of Superiority {venom, MP+9}
                  | (You found it on level 9 of the Dungeon)
  9428 | D:2      | Killed Grinder
  9705 | Lair:1   | Entered Level 1 of the Lair of Beasts
  9790 | Lair:1   | Reached skill level 7 in Invocations
 10009 | Lair:1   | Found an ornate altar of the Wu Jian Council.
 10055 | Lair:1   | Reached skill level 8 in Invocations
 10763 | D:10     | Entered Level 10 of the Dungeon
 10838 | D:10     | Reached XP level 12. HP: 106/106 MP: 18/18
 11702 | D:11     | Reached skill level 9 in Invocations
 11922 | D:11     | Got a ripped robe
 12015 | D:11     | Found a staircase to the Orcish Mines.
 12082 | D:11     | Reached skill level 10 in Invocations
 12085 | D:11     | Reached ****** piety under Qazlal
 12085 | D:11     | Noticed a two-headed ogre
 12117 | D:11     | Killed a two-headed ogre
 12559 | D:11     | Reached skill level 11 in Invocations
 12634 | D:11     | Found a bloodstained altar of Trog.
 13053 | Orc:1    | Entered Level 1 of the Orcish Mines
 13323 | Orc:1    | Noticed a soul eater
 13323 | Orc:1    | Found Apni's Food Boutique.
 13325 | Orc:1    | Reached skill level 12 in Invocations
 13556 | Orc:1    | Found Patzaap's Antique Weapon Shoppe.
 13723 | Orc:1    | Found Ocuke's Assorted Antiques.
 13733 | Orc:1    | Noticed Harold
 13761 | Orc:1    | Killed Harold
 13914 | Orc:2    | Entered Level 2 of the Orcish Mines
 13915 | Orc:2    | Found Daetzooq's Assorted Antiques.
 13918 | Orc:2    | Found Cipt's Antique Armour Emporium.
 13944 | Orc:2    | Reached skill level 13 in Invocations
 13946 | Orc:2    | Noticed an ettin
 13954 | Orc:2    | Killed an ettin
 14098 | Orc:2    | Reached skill level 14 in Invocations
 14108 | Orc:2    | Noticed an orc high priest
 14110 | Orc:2    | Noticed an orc high priest
 14119 | Orc:2    | Killed an orc high priest
 14119 | Orc:2    | Reached XP level 13. HP: 110/113 MP: 23/23
 14163 | Orc:2    | Reached skill level 15 in Invocations
 14441 | Orc:2    | Found Zamm's Gadget Emporium.
 14500 | Orc:2    | Found a staircase to the Elven Halls.
 14518 | Orc:2    | Found Daedu's Antique Armour Shop.
 14604 | Orc:2    | Found Giniacua's General Store.
 14604 | Orc:2    | Found Bueroo Inle's Distillery.
 14607 | Orc:2    | Found Urienaf's Magic Scroll Shop.
 14609 | Orc:2    | Found Kisod's Armour Boutique.
 14611 | Orc:2    | Bought a scroll of noise for 12 gold pieces
 14615 | Orc:2    | Bought a potion of might for 68 gold pieces
 14672 | Orc:2    | Found Tugab's Jewellery Shop.
 14803 | Orc:2    | Bought a pair of heavily runed gloves for 275 gold pieces
 14813 | Orc:2    | Identified the cursed +0 pair of gloves of the Gusle {-Cast
                  | rC+ Str+6 Int+2 Stlth+} (You bought it in a shop on level 2
                  | of the Orcish Mines)
 14813 | Orc:2    | Bought a glowing helmet for 217 gold pieces
 14854 | Orc:2    | Bought the +3 crown of Dyrovepreva {rElec Int+2 SInv} for
                  | 1035 gold pieces
 14854 | Orc:2    | Found the +3 crown of Dyrovepreva {rElec Int+2 SInv}
 14889 | Orc:2    | Bought a garnet ring for 125 gold pieces
 15019 | Lair:2   | Reached skill level 1 in Shields
 15039 | Lair:2   | Reached skill level 16 in Invocations
 16046 | Lair:3   | Found a staircase to the Snake Pit.
 16150 | Lair:3   | Reached skill level 17 in Invocations
 16196 | Lair:3   | Noticed slayr's ghost (journeyman DESu)
 16282 | Lair:3   | Found a transporter.
 16358 | Lair:3   | Found a staircase to the Shoals.
 16373 | Lair:3   | Found a transporter.
 16690 | Lair:3   | Killed slayr's ghost
 16738 | Lair:4   | Reached skill level 5 in Shields
 16791 | Lair:4   | Reached XP level 14. HP: 96/121 MP: 26/26
 16940 | Lair:4   | Reached skill level 18 in Invocations
 17276 | Lair:4   | Got a crude quarterstaff
 17640 | Lair:5   | You fall into a shaft and drop 1 floor!
 17640 | Lair:6   | Entered Level 6 of the Lair of Beasts
 17640 | Lair:6   | Found a large runed translucent door.
 17640 | Lair:6   | Found a large runed translucent door.
 18561 | Lair:5   | Reached skill level 19 in Invocations
 18866 | Lair:5   | Found a staircase to the Slime Pits.
 19182 | Lair:6   | Found a runed translucent door.
 19182 | Lair:6   | Noticed Yorgos's ghost (journeyman GnAK)
 19344 | Lair:6   | Killed Yorgos's ghost
 20667 | D:12     | Noticed Jorgrun
 20680 | D:12     | Killed Jorgrun
 20851 | D:12     | Reached skill level 20 in Invocations
 21518 | D:13     | Reached XP level 15. HP: 85/126 MP: 29/29
 21727 | D:13     | Found a snail-covered altar of Cheibriados.
 22362 | D:13     | Found a gate to the Vaults.
 22580 | D:14     | Reached skill level 21 in Invocations
 22589 | D:14     | Reached skill level 10 in Shields
 22642 | D:14     | Noticed Louise
 22645 | D:14     | Noticed Rupert
 22656 | D:14     | Killed Rupert
 22665 | D:14     | Killed Louise
 22820 | D:14     | Noticed Nessos
 22824 | D:14     | Killed Nessos
 22824 | D:14     | Reached skill level 5 in Dodging
 22844 | D:14     | Found a frozen archway.
 22858 | IceCv    | Entered an ice cave
 23075 | IceCv    | Got a clouded brass ring
 23181 | IceCv    | Identified the ring of Vehumet's Castigation {rF+ Str+4
                  | Dex+5} (You found it in an ice cave)
 23287 | D:14     | Identified Roxanne's Incunabulum of Clay
 23287 | D:14     | Noticed Roxanne
 23300 | D:14     | Killed Roxanne
 23463 | D:15     | Entered Level 15 of the Dungeon
 23496 | D:15     | Paralysed by an ogre mage for 7 turns
 23523 | D:15     | Reached XP level 16. HP: 59/134 MP: 17/30
 23787 | D:15     | Found a staircase to the Depths.
 23830 | D:15     | Found Batow's Magic Scroll Shoppe.
 23835 | D:15     | Bought a scroll of enchant armour for 105 gold pieces
 23888 | D:15     | Reached skill level 22 in Invocations
 24133 | D:15     | Reached skill level 10 in Armour
 24953 | Snake:1  | Entered Level 1 of the Snake Pit
 25175 | D:15     | Bought a scroll of enchant weapon for 105 gold pieces
 25305 | Orc:2    | Bought the ring "Diebibb" {rC+ rN++ Str+3 Int-3 Dex-4
                  | Slay+5} for 881 gold pieces
 25372 | Orc:2    | Bought a scroll of enchant weapon for 187 gold pieces
 25528 | Snake:1  | Noticed Asterion
 25542 | Snake:1  | Identified the +3 kite shield of the Serpent {Regen+}
 25542 | Snake:1  | Noticed Donald
 25548 | Snake:1  | Killed Asterion
 25578 | Lair:3   | Killed Donald
 25678 | Snake:1  | Reached skill level 23 in Invocations
 26550 | Snake:2  | Reached XP level 17. HP: 39/140 MP: 32/32
 27913 | Snake:3  | Noticed Agnes
 27918 | Snake:3  | Killed Agnes
 28588 | Snake:4  | Entered Level 4 of the Snake Pit
 28590 | Snake:4  | Found a snail-covered altar of Cheibriados.
 28682 | Snake:4  | Reached skill level 24 in Invocations
 28817 | Snake:4  | Reached XP level 18. HP: 62/147 MP: 30/34
 29129 | Snake:4  | Collided with a stone wall

Levels and vault maps discovered:
D:1:      beargit_arrival_greenhouse, layout_rooms
D:2:      layout_basic
D:3:      layout_basic, lemuel_coloured_pillars_altar,
          trog_three_pillars_becter, uniq_jessica, uniq_grinder
D:4:      layout_rooms, yredelemnul_altar_generic, minmay_pentomino_pile
D:5:      layout_rooms, first_ration, xom_confusion_cloud,
          uniq_crazy_yiuf_cottage
D:6:      layout_loops_cross, lemuel_doored_altar
D:7:      layout_loops_ring, nemelex_xobeh_ov_fountains_minmay,
          minmay_temple_entry_mini_moons, minivault_5, the_bakery,
          minmay_crossroads
D:8:      layout_gridville, old_standard_altar, ebering_ghost_disaster_area,
          uniq_maurice
D:9:      minmay_the_grid_3x2 [minmay_the_grid_eight, minmay_the_grid_tiny_cups,
          minmay_the_grid_minigrid_small, minmay_the_grid_minigrid_medium,
          minmay_the_grid_holed_spiral,
          minmay_the_grid_prize_four_corners_diamond_b], layout_basic,
          cheibrodos_worm_habitat, corner_web_ring
D:10:     layout_small_grid
D:11:     layout_stronghold, zombieorc1_lemuel, st_stairs_12,
          trog_ov_bears_minmay
D:12:     layout_irregular_city, uniq_jorgrun
D:13:     layout_basic, ximxim_vaults_locker_room, basic_altar, kb_rosetta
D:14:     layout_cave_pools, portal_ice_cave_entry_ice_beasts,
          chequers_decorated_corner, uniq_nessos, uniq_rupert, uniq_roxanne,
          uniq_louise
D:15:     hangedman_depths_entry_try_elsewhere_first, layout_loops_cross,
          serial_shops, shop, chequers_serial_rivers_micro_d
Temple:   regret_index_temple_waves
Lair:1:   layout_cave_pods, basic_altar, beast_lair_carwin_4,
          infiniplex_staircase_pool
Lair:2:   layout_gridlike, minivault_26, serial_bayou_ford_a, lemuel_fruit_tree
Lair:3:   layout_long_grid, minmay_shoals_entry_lonely_mermaid,
          minmay_snake_entry_six_corridors, gammafunk_ghost_arena
Lair:4:   layout_gridlike, lemuel_fruit_fields
Lair:5:   layout_roguey, minmay_slime_entry_oklob_enclosed
Lair:6:   cheibrodos_lair_end_hotspot, layout_regular_city,
          gammafunk_ghost_grave
Snake:1:  layout_rooms, drop_trap, uniq_asterion, uniq_nikola, uniq_donald
Snake:2:  layout_chambers
Snake:3:  layout_concentric_octagons, serial_bayou_shore_a, uniq_agnes
Snake:4:  grunt_snake_rune_pools, layout_basic, basic_altar
Orc:1:    layout_caves, serial_shops, shop_statue, nicolae_shop_trees, shop,
          uniq_harold
Orc:2:    st_orc_mages, layout_caves, serial_shops, shop, shop_fountains,
          nicolae_shop_trees, shop, shop

Skill      XL: |  1  2  3  4  5  6  7  8  9 10 11 12 13 14 15 16 17 |
---------------+----------------------------------------------------+-----
Fighting       | 4 5 6 7 9 10 | 10.0
Axes           | 5 6 7 8 9 11 13 15 17 18 | 18.0
Armour         | 1 2 3 5 6 8 9 11 13 | 13.6
Invocations    | 3 8 14 17 20 21 23 24 | 24.5
Shields        | 5 9 10 11 13 | 13.6
Dodging        | 5 |  5.0
Stealth        | |  1.5

Action                   |  1- 3 |  4- 6 |  7- 9 | 10-12 | 13-15 | 16-18 || total
-------------------------+-------+-------+-------+-------+-------+-------++-------
Melee: Hand axe          |    11 |       |       |       |       |       ||    11
       Short sword       |    87 |   190 |   132 |       |       |       ||   409
       War axe           |       |       |    60 |       |       |       ||    60
       Battleaxe         |       |       |   134 |   384 |   870 |    73 ||  1461
       Broad axe         |       |       |       |       |       |   693 ||   693
 Fire: Shortbow          |       |       |       |   285 |       |       ||   285
Throw: Dart              |       |    26 |    10 |       |       |       ||    36
Invok: Upheaval          |       |       |       |     2 |    39 |    30 ||    71
       Disaster Area     |       |       |       |     1 |     2 |     1 ||     4
Evoke: Wand              |       |       |     1 |     2 |     7 |       ||    10
  Use: Scroll            |     3 |       |    14 |     7 |     5 |     6 ||    35
       Potion            |       |       |     1 |       |     2 |     1 ||     4
 Stab: Sleeping          |     2 |       |       |       |       |       ||     2
       Invisible         |       |       |       |       |     1 |       ||     1
  Eat: Chunk             |     1 |     6 |    12 |     8 |    19 |    16 ||    62
       Ration            |       |       |       |     5 |     3 |     1 ||     9
Armor: Robe              |    14 |       |       |       |       |       ||    14
       Chain mail        |       |    96 |   131 |       |       |       ||   227
       Plate armour      |       |       |   122 |   381 |   331 |   231 ||  1065
Dodge: Dodged            |    65 |    65 |   140 |   138 |   342 |   182 ||   932
       Deflected         |       |       |       |     8 |    26 |    14 ||    48
Block: Other             |       |       |    21 |   145 |   249 |     7 ||   422
       Kite shield       |       |       |       |       |       |   600 ||   600
       Tower shield      |       |       |       |       |       |    53 ||    53

Table legend:
 A = Non-vault XP
 B = Vault XP
 C = Vault XP percentage of total XP
 D = Non-vault monster count
 E = Vault monster count
 F = Vault count percentage of total count
                 A         B        C        D         E       F
            +---------+---------+-------+---------+---------+-------
      Total |  166225 |   96583 |  36.8 |     727 |     273 |  27.3
            +---------+---------+-------+---------+---------+-------
        D:1 |      48 |       0 |   0.0 |      29 |       0 |   0.0
        D:2 |     144 |     267 |  65.0 |      33 |       1 |   2.9
        D:3 |      92 |      39 |  29.8 |      25 |       2 |   7.4
        D:4 |     718 |      33 |   4.4 |      24 |       1 |   4.0
        D:5 |     450 |     154 |  25.5 |      22 |       4 |  15.4
        D:6 |     550 |       0 |   0.0 |      12 |       0 |   0.0
        D:7 |    1200 |     220 |  15.5 |      27 |       1 |   3.6
        D:8 |    2644 |    1133 |  30.0 |      27 |       2 |   6.9
        D:9 |    2154 |    3820 |  63.9 |      28 |      23 |  45.1
       D:10 |    1273 |       0 |   0.0 |      25 |       0 |   0.0
       D:11 |    3843 |    2215 |  36.6 |      25 |      31 |  55.4
       D:12 |    6072 |    2895 |  32.3 |      42 |       1 |   2.3
       D:13 |    8784 |    6539 |  42.7 |      27 |      15 |  35.7
       D:14 |    9769 |    8996 |  47.9 |      28 |      12 |  30.0
       D:15 |   19508 |    2957 |  13.2 |      40 |       4 |   9.1
     Temple |     142 |       0 |   0.0 |       1 |       0 |   0.0
     Lair:1 |    3367 |     943 |  21.9 |      19 |       5 |  20.8
     Lair:2 |    6215 |       0 |   0.0 |      27 |       0 |   0.0
     Lair:3 |    2652 |    6166 |  69.9 |       9 |      19 |  67.9
     Lair:4 |    8191 |       0 |   0.0 |      27 |       0 |   0.0
     Lair:5 |    2864 |    1062 |  27.1 |      14 |       2 |  12.5
     Lair:6 |    4861 |    8810 |  64.4 |      13 |      27 |  67.5
    Snake:1 |   21524 |    2568 |  10.7 |      40 |       1 |   2.4
    Snake:2 |   23869 |       0 |   0.0 |      38 |       0 |   0.0
    Snake:3 |   20678 |    2135 |   9.4 |      42 |       1 |   2.3
    Snake:4 |    9022 |   33523 |  78.8 |      18 |      56 |  75.7
      Orc:1 |    2319 |     955 |  29.2 |      43 |       1 |   2.3
      Orc:2 |    3272 |    5756 |  63.8 |      22 |      44 |  66.7
      IceCv |       0 |    5397 | 100.0 |       0 |      20 | 100.0
            +---------+---------+-------+---------+---------+-------
